Jets vs Oilers

Created - October 8 2011 at 12:16

Goals
1 2 3 T
Jets 2 3 0 5
Oilers 1 1 0 2
Shots
1 2 3 T
Jets 11 13 4 28
Oilers 8 12 12 32

Period #1

1. Oilers , Scott Hannan 1 (Adam Burish, Michal Handzus) at 3:04
2. Jets , Ryan Callahan 3 (P.K. Subban, Brenden Morrow) at 6:57
3. Jets , Brenden Morrow 1 (Christian Ehrhoff, Ryan Callahan) at 11:15

Penalties :
Brian Boyle (WPG) for Interference (Minor) at 4:16, Rene Bourque (WPG) for Hooking (Minor) at 8:03, Ryan Suter (WPG) for Interference (Minor) at 11:27, Adam Burish (EDM) for Interference (Minor) at 15:32

Period #2

4. Jets , Ryan Callahan 4 (Marc Staal, Mike Ribeiro) at 3:04 (PP)
5. Jets , Nathan Gerbe 1 (Mike Ribeiro, Ryan Suter) at 5:51
6. Jets , Clarke MacArthur 1 (Martin Erat, Mark Giordano) at 10:03 (PP)
7. Oilers , Dany Heatley 1 (Adrian Aucoin, Fernando Pisani) at 11:32

Penalties :
Adrian Aucoin (EDM) for Holding (Minor) at 2:09, Brent Sopel (EDM) for Holding (Minor) at 6:20, Adam Burish (EDM) for Goalie Interference (Minor) at 8:31

Period #3

No Goal

Penalties :
Mark Giordano (WPG) for Roughing (Minor) at 7:23, Ryan Suter (WPG) for High sticking (Minor) at 10:02, Adrian Aucoin (EDM) for Hooking (Minor) at 12:13, Brenden Morrow (WPG) for Interference (Minor) at 15:55, Ryan Malone (WPG) for Roughing (Minor) at 18:16

Goalie Stats

Ilya Bryzgalov (WPG), 30 saves from 32 shots - (0.938), W, 2-0-0, 60:00 minutes
Kari Lehtonen (EDM), 23 saves from 28 shots - (0.821), L, 0-1-0, 60:00 minutes

Players Stats

Jets
Player Name              G  A  P  +/- PIM S  H  SB FO    MP 
------------------------------------------------------------
Alex Goligoski           0  0  0  -1  0   0  0  1  0/0   10 
Brenden Morrow           1  1  2   1  2   3  0  0  1/2   22 
Brian Boyle              0  0  0   1  2   0  0  0  7/13  12 
Christian Ehrhoff        0  1  1   1  0   3  0  1  0/0   23 
Clarke MacArthur         1  0  1  -1  0   3  2  0  0/2   11 
Frans Nielsen            0  0  0   0  0   1  0  0  10/18 13 
James Wisniewski         0  0  0   0  0   0  0  0  0/0   12 
Jordan Caron             0  0  0  -1  0   1  1  0  2/5   11 
Marc Staal               0  1  1   1  0   1  1  1  0/0   19 
Mark Giordano            0  1  1   0  2   0  2  1  0/0   17 
Martin Erat              0  1  1   0  0   3  0  0  3/3   16 
Mike Ribeiro             0  2  2   0  0   2  1  1  17/34 24 
Nathan Gerbe             1  0  1   1  0   2  1  0  0/1   8  
P.K. Subban              0  1  1   1  0   1  1  0  0/0   16 
Rene Bourque             0  0  0   1  2   1  2  0  0/1   8  
Ryan Callahan            2  1  3   1  0   3  3  0  4/15  23 
Ryan Malone              0  0  0   0  2   3  4  0  1/4   20 
Ryan Suter               0  1  1   0  4   1  3  1  0/0   23 
Oilers
Player Name              G  A  P  +/- PIM S  H  SB FO    MP 
------------------------------------------------------------
Adam Burish              0  1  1   1  4   0  4  1  2/2   18 
Adrian Aucoin            0  1  1   1  4   1  3  2  0/0   23 
Andrew Ladd              0  0  0  -1  0   3  0  0  0/0   17 
Brent Sopel              0  0  0  -1  2   2  0  0  0/0   13 
Chris Phillips           0  0  0   1  0   0  0  3  0/0   23 
Dany Heatley             1  0  1   1  0   7  1  1  1/2   21 
Derek Roy                0  0  0   0  0   3  0  0  8/13  10 
Fernando Pisani          0  1  1   1  0   1  1  0  0/1   6  
Jochen Hecht             0  0  0  -1  0   3  0  0  0/0   18 
Karlis Skrastins         0  0  0  -1  0   1  0  2  0/0   20 
Michal Handzus           0  1  1  -1  0   1  1  0  16/30 20 
Radek Dvorak             0  0  0  -2  0   2  2  0  1/6   18 
Roman Hamrlik            0  0  0  -1  0   2  1  4  0/0   21 
Scott Hannan             1  0  1  -1  0   1  1  1  0/0   17 
Scott Nichol             0  0  0   1  0   0  1  1  13/19 11 
Stephen Weiss            0  0  0  -1  0   5  0  0  11/24 17 
Steve Sullivan           0  0  0   0  0   0  0  0  0/0   0  
Todd Marchant            0  0  0  -1  0   0  1  0  1/1   19 

3 Stars

1 - Ryan Callahan (WPG)
2 - Dany Heatley (EDM)
3 - Nathan Gerbe (WPG)

Power Play

Jets - 2 on 5 Attempt(s) - 40.00%
Oilers - 0 on 7 Attempt(s) - 0.00%

Penalty Kill

Jets - 7 on 7 Attempt(s) - 100.00% - Score 0 goal in Penalty Kill
Oilers - 3 on 5 Attempt(s) - 60.00% - Score 0 goal in Penalty Kill

Game Notes

Derek Roy is injured at 0:41 of 3rd period (Left Ankle)

Finance

Level 1 -- Attendance: 4867 (74.88%) -- Ticket Income $452,631.00
Level 2 -- Attendance: 5000 (100.00%) -- Ticket Income $235,000.00
Level 3 -- Attendance: 3500 (100.00%) -- Ticket Income $119,000.00
Level 4 -- Attendance: 839 (100.00%) -- Ticket Income $17,619.00
Luxury Box -- Attendance: 832 (83.20%) -- Ticket Income $161,408.00
Game was played at the Rexall Place
Total Attendance: 15038 (89.30%)
Total Ticket Income: $1,079,910.00
Other Income: $221,315.10
Total Income: $1,301,225.00


Play by Play

Period #1

0:01 of 1st period - Brian Boyle wins face-off versus Derek Roy in neutral zone.
0:38 of 1st period - Icing by Chris Phillips.
0:39 of 1st period - Mike Ribeiro wins face-off versus Derek Roy in Oilers zone.
0:42 of 1st period - Shot by Rene Bourque.
0:42 of 1st period - Stopped by Kari Lehtonen with a rebound.
0:44 of 1st period - Shot by Ryan Suter.
0:44 of 1st period - Shot Misses the Net.
0:49 of 1st period - Icing by Chris Phillips.
0:50 of 1st period - Derek Roy wins face-off versus Ryan Malone in Oilers zone.
1:32 of 1st period - Icing by Karlis Skrastins.
1:33 of 1st period - Stephen Weiss wins face-off versus Mike Ribeiro in Oilers zone.
1:33 of 1st period - Stephen Weiss is hit by Rene Bourque.
2:39 of 1st period - Shot by Brent Sopel.
2:39 of 1st period - Stopped by Ilya Bryzgalov without a rebound.
2:40 of 1st period - Frans Nielsen wins face-off versus Fernando Pisani in Jets zone.
2:40 of 1st period - Frans Nielsen is hit by Fernando Pisani.
2:58 of 1st period - Shot by Martin Erat.
2:58 of 1st period - Stopped by Kari Lehtonen without a rebound.
2:59 of 1st period - Michal Handzus wins face-off versus Ryan Callahan in Oilers zone.
3:04 of 1st period - Shot by Scott Hannan.
3:04 of 1st period - Goal by Scott Hannan - Jets : 0 - Oilers : 1.
3:05 of 1st period - Adam Burish wins face-off versus Brian Boyle in neutral zone.
3:20 of 1st period - Icing by Brent Sopel.
3:21 of 1st period - Mike Ribeiro wins face-off versus Michal Handzus in Oilers zone.
4:16 of 1st period - Minor Penalty to Brian Boyle for Interference.
4:17 of 1st period - Derek Roy wins face-off versus Ryan Callahan in Jets zone.
4:34 of 1st period - Shot by Dany Heatley.
4:34 of 1st period - Shot Misses the Net.
4:51 of 1st period - Icing by Dany Heatley.
4:52 of 1st period - Ryan Callahan wins face-off versus Derek Roy in Oilers zone.
5:26 of 1st period - Adam Burish is hit by Marc Staal and loses puck.
6:25 of 1st period - Shot by Stephen Weiss.
6:25 of 1st period - Shot Hit the Post.
6:27 of 1st period - Shot by Andrew Ladd.
6:27 of 1st period - Stopped by Ilya Bryzgalov without a rebound.
6:28 of 1st period - Michal Handzus wins face-off versus Brian Boyle in Jets zone.
6:49 of 1st period - Shot by Ryan Callahan.
6:49 of 1st period - Shot Misses the Net.
6:53 of 1st period - Shot by Brenden Morrow.
6:53 of 1st period - Shot Misses the Net.
6:57 of 1st period - Shot by Ryan Callahan.
6:57 of 1st period - Goal by Ryan Callahan - Jets : 1 - Oilers : 1.
6:58 of 1st period - Scott Nichol wins face-off versus Frans Nielsen in neutral zone.
6:58 of 1st period - Scott Nichol is hit by Ryan Malone.
7:05 of 1st period - Icing by Mark Giordano.
7:06 of 1st period - Frans Nielsen wins face-off versus Stephen Weiss in Jets zone.
7:18 of 1st period - Icing by Frans Nielsen.
7:19 of 1st period - Scott Nichol wins face-off versus Frans Nielsen in Jets zone.
7:58 of 1st period - Icing by Scott Nichol.
7:59 of 1st period - Mike Ribeiro wins face-off versus Scott Nichol in Oilers zone.
8:03 of 1st period - Minor Penalty to Rene Bourque for Hooking.
8:04 of 1st period - Ryan Callahan wins face-off versus Stephen Weiss in Jets zone.
8:04 of 1st period - Ryan Callahan is hit by Adam Burish.
8:13 of 1st period - Off-side.
8:14 of 1st period - Stephen Weiss wins face-off versus Ryan Callahan in neutral zone.
8:36 of 1st period - Shot by Stephen Weiss.
8:36 of 1st period - Stopped by Ilya Bryzgalov without a rebound.
8:37 of 1st period - Mike Ribeiro wins face-off versus Derek Roy in Jets zone.
9:38 of 1st period - Shot by Andrew Ladd.
9:38 of 1st period - Shot Misses the Net.
9:42 of 1st period - Shot by Roman Hamrlik.
9:42 of 1st period - Stopped by Ilya Bryzgalov with a rebound.
9:46 of 1st period - Shot by Andrew Ladd.
9:46 of 1st period - Stopped by Ilya Bryzgalov without a rebound.
9:47 of 1st period - Stephen Weiss wins face-off versus Ryan Callahan in Jets zone.
10:21 of 1st period - Icing by Brent Sopel.
10:22 of 1st period - Frans Nielsen wins face-off versus Michal Handzus in Oilers zone.
10:41 of 1st period - Scott Hannan is hit by Ryan Malone and loses puck.
11:09 of 1st period - Shot by Ryan Callahan.
11:09 of 1st period - Shot Hit the Post.
11:11 of 1st period - Shot by Brenden Morrow.
11:11 of 1st period - Shot Misses the Net.
11:13 of 1st period - Shot by Ryan Callahan.
11:13 of 1st period - Shot Misses the Net.
11:15 of 1st period - Shot by Christian Ehrhoff.
11:15 of 1st period - Deflect By Brenden Morrow.
11:15 of 1st period - Goal by Brenden Morrow - Jets : 2 - Oilers : 1.
11:16 of 1st period - Scott Nichol wins face-off versus Mike Ribeiro in neutral zone.
11:19 of 1st period - Marc Staal is hit by Scott Nichol and loses puck.
11:27 of 1st period - Minor Penalty to Ryan Suter for Interference.
11:28 of 1st period - Stephen Weiss wins face-off versus Ryan Callahan in Jets zone.
11:46 of 1st period - Icing by Roman Hamrlik.
11:47 of 1st period - Mike Ribeiro wins face-off versus Stephen Weiss in Oilers zone.
12:05 of 1st period - Roman Hamrlik is hit by Ryan Callahan and loses puck.
12:34 of 1st period - Shot by Jochen Hecht.
12:34 of 1st period - Stopped by Ilya Bryzgalov without a rebound.
12:35 of 1st period - Derek Roy wins face-off versus Ryan Callahan in Jets zone.
13:42 of 1st period - Brent Sopel is hit by Clarke MacArthur and loses puck.
14:12 of 1st period - Off-side.
14:13 of 1st period - Frans Nielsen wins face-off versus Scott Nichol in neutral zone.
14:20 of 1st period - Shot by Ryan Malone.
14:20 of 1st period - Stopped by Kari Lehtonen without a rebound.
14:21 of 1st period - Frans Nielsen wins face-off versus Stephen Weiss in Oilers zone.
14:51 of 1st period - Shot by Frans Nielsen.
14:51 of 1st period - Stopped by Kari Lehtonen without a rebound.
14:52 of 1st period - Derek Roy wins face-off versus Nathan Gerbe in Oilers zone.
15:03 of 1st period - Shot by Dany Heatley.
15:03 of 1st period - Shot Misses the Net.
15:16 of 1st period - Shot by Rene Bourque.
15:16 of 1st period - Shot Misses the Net.
15:18 of 1st period - Shot by Rene Bourque.
15:18 of 1st period - Deflect By Mike Ribeiro.
15:18 of 1st period - Stopped by Kari Lehtonen without a rebound.
15:19 of 1st period - Michal Handzus wins face-off versus Brian Boyle in Oilers zone.
15:19 of 1st period - Michal Handzus is hit by Ryan Callahan.
15:32 of 1st period - Minor Penalty to Adam Burish for Interference.
15:33 of 1st period - Michal Handzus wins face-off versus Jordan Caron in Oilers zone.
15:56 of 1st period - Icing by Christian Ehrhoff.
15:57 of 1st period - Jordan Caron wins face-off versus Michal Handzus in Jets zone.
16:34 of 1st period - Shot by Ryan Suter.
16:34 of 1st period - Stopped by Kari Lehtonen without a rebound.
16:35 of 1st period - Brenden Morrow wins face-off versus Radek Dvorak in Oilers zone.
16:40 of 1st period - Shot by Marc Staal.
16:40 of 1st period - Shot Blocked by Scott Nichol.
17:14 of 1st period - Martin Erat is hit by Todd Marchant and loses puck.
17:39 of 1st period - Shot by Martin Erat.
17:39 of 1st period - Stopped by Kari Lehtonen without a rebound.
17:40 of 1st period - Mike Ribeiro wins face-off versus Scott Nichol in Oilers zone.
17:47 of 1st period - Chris Phillips is hit by Nathan Gerbe and loses puck.
18:04 of 1st period - Shot by Nathan Gerbe.
18:04 of 1st period - Stopped by Kari Lehtonen without a rebound.
18:05 of 1st period - Frans Nielsen wins face-off versus Stephen Weiss in Oilers zone.
19:04 of 1st period - Shot by Ryan Callahan.
19:04 of 1st period - Stopped by Kari Lehtonen with a rebound.
19:18 of 1st period - Shot by Dany Heatley.
19:18 of 1st period - Shot Misses the Net.
19:20 of 1st period - Shot by Adrian Aucoin.
19:20 of 1st period - Shot Misses the Net.
19:24 of 1st period - Shot by Derek Roy.
19:24 of 1st period - Stopped by Ilya Bryzgalov without a rebound.
19:25 of 1st period - Michal Handzus wins face-off versus Mike Ribeiro in Jets zone.
19:31 of 1st period - Icing by Alex Goligoski.
19:32 of 1st period - Mike Ribeiro wins face-off versus Michal Handzus in Jets zone.

Period #2

0:01 of 2nd period - Brian Boyle wins face-off versus Derek Roy in neutral zone.
1:04 of 2nd period - Nathan Gerbe is hit by Adrian Aucoin and loses puck.
1:29 of 2nd period - Shot by Mike Ribeiro.
1:29 of 2nd period - Stopped by Kari Lehtonen with a rebound.
2:09 of 2nd period - Minor Penalty to Adrian Aucoin for Holding.
2:10 of 2nd period - Michal Handzus wins face-off versus Jordan Caron in Oilers zone.
2:21 of 2nd period - Shot by Christian Ehrhoff.
2:21 of 2nd period - Stopped by Kari Lehtonen with a rebound.
2:23 of 2nd period - Shot by P.K. Subban.
2:23 of 2nd period - Shot Misses the Net.
2:25 of 2nd period - Shot by Ryan Malone.
2:25 of 2nd period - Shot Misses the Net.
2:27 of 2nd period - Shot by Martin Erat.
2:27 of 2nd period - Shot Blocked by Roman Hamrlik.
2:31 of 2nd period - Shot by Christian Ehrhoff.
2:31 of 2nd period - Shot Blocked by Roman Hamrlik.
2:33 of 2nd period - Shot by Christian Ehrhoff.
2:33 of 2nd period - Shot Misses the Net.
2:39 of 2nd period - Shot by Christian Ehrhoff.
2:39 of 2nd period - Stopped by Kari Lehtonen without a rebound.
2:40 of 2nd period - Mike Ribeiro wins face-off versus Michal Handzus in Oilers zone.
2:56 of 2nd period - Shot by Ryan Callahan.
2:56 of 2nd period - Shot Misses the Net.
3:00 of 2nd period - Shot by Mike Ribeiro.
3:00 of 2nd period - Shot Misses the Net.
3:02 of 2nd period - Shot by Marc Staal.
3:02 of 2nd period - Shot Misses the Net.
3:04 of 2nd period - Shot by Ryan Callahan.
3:04 of 2nd period - Goal by Ryan Callahan - Jets : 3 - Oilers : 1.
3:05 of 2nd period - Brian Boyle wins face-off versus Stephen Weiss in neutral zone.
4:03 of 2nd period - Off-side.
4:04 of 2nd period - Michal Handzus wins face-off versus Rene Bourque in neutral zone.
4:04 of 2nd period - Radek Dvorak is hit by Rene Bourque and loses puck.
4:22 of 2nd period - Shot by Michal Handzus.
4:22 of 2nd period - Shot Blocked by Marc Staal.
4:24 of 2nd period - Shot by Radek Dvorak.
4:24 of 2nd period - Stopped by Ilya Bryzgalov without a rebound.
4:25 of 2nd period - Martin Erat wins face-off versus Stephen Weiss in Jets zone.
4:43 of 2nd period - Icing by Ryan Malone.
4:44 of 2nd period - Scott Nichol wins face-off versus Frans Nielsen in Jets zone.
5:01 of 2nd period - Shot by Martin Erat.
5:01 of 2nd period - Shot Misses the Net.
5:11 of 2nd period - Icing by Dany Heatley.
5:12 of 2nd period - Scott Nichol wins face-off versus Mike Ribeiro in Oilers zone.
5:45 of 2nd period - Shot by Ryan Suter.
5:45 of 2nd period - Shot Misses the Net.
5:47 of 2nd period - Shot by Mike Ribeiro.
5:47 of 2nd period - Shot Misses the Net.
5:49 of 2nd period - Shot by Nathan Gerbe.
5:49 of 2nd period - Shot Blocked by Karlis Skrastins.
5:51 of 2nd period - Shot by Nathan Gerbe.
5:51 of 2nd period - Goal by Nathan Gerbe - Jets : 4 - Oilers : 1.
5:52 of 2nd period - Brian Boyle wins face-off versus Michal Handzus in neutral zone.
6:13 of 2nd period - Shot by Brenden Morrow.
6:13 of 2nd period - Shot Blocked by Adam Burish.
6:18 of 2nd period - Ryan Callahan is hit by Scott Hannan and loses puck.
6:20 of 2nd period - Minor Penalty to Brent Sopel for Holding.
6:21 of 2nd period - Michal Handzus wins face-off versus Jordan Caron in Oilers zone.
6:21 of 2nd period - Michal Handzus is hit by Ryan Malone.
6:35 of 2nd period - Shot by Martin Erat.
6:35 of 2nd period - Stopped by Kari Lehtonen without a rebound.
6:36 of 2nd period - Scott Nichol wins face-off versus Mike Ribeiro in Oilers zone.
6:36 of 2nd period - Scott Nichol is hit by Ryan Callahan.
6:50 of 2nd period - Shot by Brenden Morrow.
6:50 of 2nd period - Stopped by Kari Lehtonen without a rebound.
6:51 of 2nd period - Ryan Malone wins face-off versus Michal Handzus in Oilers zone.
7:16 of 2nd period - Shot by Martin Erat.
7:16 of 2nd period - Shot Blocked by Adrian Aucoin.
7:18 of 2nd period - Shot by Jordan Caron.
7:18 of 2nd period - Shot Blocked by Chris Phillips.
7:20 of 2nd period - Shot by Christian Ehrhoff.
7:20 of 2nd period - Shot Blocked by Chris Phillips.
7:22 of 2nd period - Shot by Jordan Caron.
7:22 of 2nd period - Stopped by Kari Lehtonen with a rebound.
8:31 of 2nd period - Minor Penalty to Adam Burish for Goalie Interference.
8:32 of 2nd period - Martin Erat wins face-off versus Michal Handzus in Oilers zone.
8:35 of 2nd period - Shot by Christian Ehrhoff.
8:35 of 2nd period - Stopped by Kari Lehtonen without a rebound.
8:36 of 2nd period - Scott Nichol wins face-off versus Ryan Malone in Oilers zone.
9:30 of 2nd period - Shot by Brenden Morrow.
9:30 of 2nd period - Shot Blocked by Adrian Aucoin.
9:35 of 2nd period - Shot by Marc Staal.
9:35 of 2nd period - Shot Misses the Net.
9:55 of 2nd period - Shot by Clarke MacArthur.
9:55 of 2nd period - Shot Blocked by Roman Hamrlik.
9:57 of 2nd period - Shot by Mark Giordano.
9:57 of 2nd period - Shot Misses the Net.
9:59 of 2nd period - Shot by Mark Giordano.
9:59 of 2nd period - Shot Blocked by Scott Hannan.
10:03 of 2nd period - Shot by Clarke MacArthur.
10:03 of 2nd period - Goal by Clarke MacArthur - Jets : 5 - Oilers : 1.
10:04 of 2nd period - Dany Heatley wins face-off versus Frans Nielsen in neutral zone.
10:07 of 2nd period - Shot by Adrian Aucoin.
10:07 of 2nd period - Stopped by Ilya Bryzgalov without a rebound.
10:08 of 2nd period - Michal Handzus wins face-off versus Mike Ribeiro in Jets zone.
10:27 of 2nd period - Icing by Brent Sopel.
10:28 of 2nd period - Martin Erat wins face-off versus Michal Handzus in Oilers zone.
10:36 of 2nd period - Icing by Brent Sopel.
10:37 of 2nd period - Michal Handzus wins face-off versus Frans Nielsen in Oilers zone.
10:44 of 2nd period - Ryan Malone is hit by Adam Burish.
11:14 of 2nd period - Off-side.
11:15 of 2nd period - Scott Nichol wins face-off versus Mike Ribeiro in neutral zone.
11:26 of 2nd period - Shot by Fernando Pisani.
11:26 of 2nd period - Stopped by Ilya Bryzgalov with a rebound.
11:28 of 2nd period - Shot by Dany Heatley.
11:28 of 2nd period - Shot Blocked by Mike Ribeiro.
11:32 of 2nd period - Shot by Dany Heatley.
11:32 of 2nd period - Goal by Dany Heatley - Jets : 5 - Oilers : 2.
11:33 of 2nd period - Stephen Weiss wins face-off versus Brian Boyle in neutral zone.
11:54 of 2nd period - Shot by P.K. Subban.
11:54 of 2nd period - Stopped by Kari Lehtonen without a rebound.
11:55 of 2nd period - Mike Ribeiro wins face-off versus Dany Heatley in Oilers zone.
12:28 of 2nd period - Shot by Dany Heatley.
12:28 of 2nd period - Stopped by Ilya Bryzgalov with a rebound.
12:32 of 2nd period - Shot by Dany Heatley.
12:32 of 2nd period - Shot Blocked by Ryan Suter.
12:59 of 2nd period - Shot by Stephen Weiss.
12:59 of 2nd period - Stopped by Ilya Bryzgalov with a rebound.
13:12 of 2nd period - Icing by Karlis Skrastins.
13:13 of 2nd period - Stephen Weiss wins face-off versus Brian Boyle in Oilers zone.
14:34 of 2nd period - Christian Ehrhoff is hit by Dany Heatley and loses puck.
14:53 of 2nd period - Shot by Derek Roy.
14:53 of 2nd period - Stopped by Ilya Bryzgalov with a rebound.
15:32 of 2nd period - Shot by Stephen Weiss.
15:32 of 2nd period - Shot Misses the Net.
15:38 of 2nd period - Shot by Andrew Ladd.
15:38 of 2nd period - Shot Misses the Net.
15:46 of 2nd period - Shot by Ryan Malone.
15:46 of 2nd period - Shot Blocked by Roman Hamrlik.
15:50 of 2nd period - Shot by Ryan Malone.
15:50 of 2nd period - Stopped by Kari Lehtonen without a rebound.
15:51 of 2nd period - Adam Burish wins face-off versus Mike Ribeiro in Oilers zone.
15:51 of 2nd period - Scott Hannan is hit by Jordan Caron and loses puck.
15:57 of 2nd period - Todd Marchant is hit by Ryan Suter.
16:18 of 2nd period - Adam Burish is hit by Mike Ribeiro and loses puck.
16:27 of 2nd period - Icing by Jordan Caron.
16:28 of 2nd period - Scott Nichol wins face-off versus Clarke MacArthur in Jets zone.
16:35 of 2nd period - Shot by Dany Heatley.
16:35 of 2nd period - Stopped by Ilya Bryzgalov without a rebound.
16:36 of 2nd period - Frans Nielsen wins face-off versus Stephen Weiss in Jets zone.
16:54 of 2nd period - Off-side.
16:55 of 2nd period - Derek Roy wins face-off versus Mike Ribeiro in neutral zone.
17:01 of 2nd period - Mike Ribeiro is hit by Adrian Aucoin.
17:23 of 2nd period - Shot by Derek Roy.
17:23 of 2nd period - Shot Misses the Net.
17:27 of 2nd period - Shot by Dany Heatley.
17:27 of 2nd period - Stopped by Ilya Bryzgalov without a rebound.
17:28 of 2nd period - Michal Handzus wins face-off versus Frans Nielsen in Jets zone.
17:53 of 2nd period - Shot by Martin Erat.
17:53 of 2nd period - Shot Misses the Net.
17:59 of 2nd period - Shot by Brent Sopel.
17:59 of 2nd period - Stopped by Ilya Bryzgalov without a rebound.
18:00 of 2nd period - Mike Ribeiro wins face-off versus Stephen Weiss in Jets zone.
18:19 of 2nd period - Shot by Mike Ribeiro.
18:19 of 2nd period - Shot Blocked by Karlis Skrastins.
18:27 of 2nd period - Shot by Stephen Weiss.
18:27 of 2nd period - Shot Misses the Net.
18:32 of 2nd period - Icing by Ryan Suter.
18:33 of 2nd period - Derek Roy wins face-off versus Clarke MacArthur in Jets zone.
18:34 of 2nd period - Shot by Dany Heatley.
18:34 of 2nd period - Stopped by Ilya Bryzgalov with a rebound.
18:59 of 2nd period - Jochen Hecht is hit by Mark Giordano and loses puck.
19:06 of 2nd period - Shot by Ryan Malone.
19:06 of 2nd period - Stopped by Kari Lehtonen without a rebound.
19:07 of 2nd period - Brian Boyle wins face-off versus Michal Handzus in Oilers zone.
19:22 of 2nd period - Icing by P.K. Subban.
19:23 of 2nd period - Brian Boyle wins face-off versus Stephen Weiss in Jets zone.
19:38 of 2nd period - Shot by Radek Dvorak.
19:38 of 2nd period - Stopped by Ilya Bryzgalov without a rebound.
19:39 of 2nd period - Frans Nielsen wins face-off versus Michal Handzus in Jets zone.

Period #3

0:01 of 3rd period - Derek Roy wins face-off versus Brenden Morrow in neutral zone.
0:09 of 3rd period - Shot by Dany Heatley.
0:09 of 3rd period - Stopped by Ilya Bryzgalov with a rebound.
0:13 of 3rd period - Shot by Derek Roy.
0:13 of 3rd period - Stopped by Ilya Bryzgalov without a rebound.
0:14 of 3rd period - Stephen Weiss wins face-off versus Mike Ribeiro in Jets zone.
0:37 of 3rd period - Shot by Radek Dvorak.
0:37 of 3rd period - Shot Misses the Net.
0:39 of 3rd period - Shot by Stephen Weiss.
0:39 of 3rd period - Stopped by Ilya Bryzgalov without a rebound.
0:40 of 3rd period - Derek Roy wins face-off versus Brian Boyle in Jets zone.
0:40 of 3rd period - Derek Roy is hit by P.K. Subban.
0:41 of 3rd period - Derek Roy from Oilers is injured at 0:41 of 3rd period (Left Ankle).
0:42 of 3rd period - Brian Boyle wins face-off versus Radek Dvorak in Jets zone.
0:42 of 3rd period - Brian Boyle is hit by Radek Dvorak.
0:55 of 3rd period - Off-side.
0:56 of 3rd period - Frans Nielsen wins face-off versus Michal Handzus in neutral zone.
0:56 of 3rd period - Frans Nielsen is hit by Michal Handzus.
1:18 of 3rd period - Shot by Michal Handzus.
1:18 of 3rd period - Shot Misses the Net.
2:15 of 3rd period - Shot by Brenden Morrow.
2:15 of 3rd period - Stopped by Kari Lehtonen without a rebound.
2:16 of 3rd period - Stephen Weiss wins face-off versus Mike Ribeiro in Oilers zone.
2:25 of 3rd period - Shot by Andrew Ladd.
2:25 of 3rd period - Stopped by Ilya Bryzgalov without a rebound.
2:26 of 3rd period - Scott Nichol wins face-off versus Mike Ribeiro in Jets zone.
2:26 of 3rd period - Scott Nichol is hit by Ryan Suter.
2:59 of 3rd period - Ryan Suter is hit by Adrian Aucoin and loses puck.
3:21 of 3rd period - Icing by Alex Goligoski.
3:22 of 3rd period - Michal Handzus wins face-off versus Mike Ribeiro in Jets zone.
5:18 of 3rd period - Marc Staal is hit by Adam Burish and loses puck.
7:06 of 3rd period - Stephen Weiss is hit by Ryan Malone.
7:23 of 3rd period - Minor Penalty to Mark Giordano for Roughing.
7:24 of 3rd period - Mike Ribeiro wins face-off versus Scott Nichol in Jets zone.
7:35 of 3rd period - Shot by Adrian Aucoin.
7:35 of 3rd period - Shot Misses the Net.
7:39 of 3rd period - Shot by Dany Heatley.
7:39 of 3rd period - Stopped by Ilya Bryzgalov without a rebound.
7:40 of 3rd period - Stephen Weiss wins face-off versus Ryan Callahan in Jets zone.
8:07 of 3rd period - Shot by Andrew Ladd.
8:07 of 3rd period - Shot Blocked by Alex Goligoski.
8:09 of 3rd period - Shot by Karlis Skrastins.
8:09 of 3rd period - Stopped by Ilya Bryzgalov without a rebound.
8:10 of 3rd period - Scott Nichol wins face-off versus Ryan Callahan in Jets zone.
8:39 of 3rd period - Shot by Jochen Hecht.
8:39 of 3rd period - Stopped by Ilya Bryzgalov without a rebound.
8:40 of 3rd period - Stephen Weiss wins face-off versus Ryan Callahan in Jets zone.
9:41 of 3rd period - Shot by Clarke MacArthur.
9:41 of 3rd period - Stopped by Kari Lehtonen without a rebound.
9:42 of 3rd period - Michal Handzus wins face-off versus Mike Ribeiro in Oilers zone.
9:42 of 3rd period - Dany Heatley is hit by Clarke MacArthur and loses puck.
9:59 of 3rd period - Shot by Adam Burish.
9:59 of 3rd period - Shot Misses the Net.
10:02 of 3rd period - Minor Penalty to Ryan Suter for High sticking.
10:03 of 3rd period - Todd Marchant wins face-off versus Frans Nielsen in Jets zone.
10:10 of 3rd period - Shot by Stephen Weiss.
10:10 of 3rd period - Stopped by Ilya Bryzgalov with a rebound.
10:12 of 3rd period - Shot by Karlis Skrastins.
10:12 of 3rd period - Shot Blocked by Christian Ehrhoff.
10:14 of 3rd period - Shot by Stephen Weiss.
10:14 of 3rd period - Shot Misses the Net.
10:16 of 3rd period - Shot by Stephen Weiss.
10:16 of 3rd period - Stopped by Ilya Bryzgalov with a rebound.
10:20 of 3rd period - Shot by Roman Hamrlik.
10:20 of 3rd period - Stopped by Ilya Bryzgalov without a rebound.
10:21 of 3rd period - Michal Handzus wins face-off versus Ryan Callahan in Jets zone.
11:19 of 3rd period - Icing by Stephen Weiss.
11:20 of 3rd period - Stephen Weiss wins face-off versus Ryan Callahan in Oilers zone.
11:24 of 3rd period - Off-side.
11:25 of 3rd period - Mike Ribeiro wins face-off versus Radek Dvorak in neutral zone.
11:31 of 3rd period - Icing by Scott Hannan.
11:32 of 3rd period - Radek Dvorak wins face-off versus Mike Ribeiro in Oilers zone.
12:06 of 3rd period - Shot by Mike Ribeiro.
12:06 of 3rd period - Shot Blocked by Dany Heatley.
12:10 of 3rd period - Shot by Clarke MacArthur.
12:10 of 3rd period - Shot Blocked by Chris Phillips.
12:13 of 3rd period - Minor Penalty to Adrian Aucoin for Hooking.
12:14 of 3rd period - Jordan Caron wins face-off versus Michal Handzus in Oilers zone.
12:49 of 3rd period - Icing by Christian Ehrhoff.
12:50 of 3rd period - Michal Handzus wins face-off versus Ryan Malone in Jets zone.
13:19 of 3rd period - Off-side.
13:20 of 3rd period - Scott Nichol wins face-off versus Mike Ribeiro in neutral zone.
13:39 of 3rd period - Shot by Marc Staal.
13:39 of 3rd period - Stopped by Kari Lehtonen without a rebound.
13:40 of 3rd period - Mike Ribeiro wins face-off versus Scott Nichol in Oilers zone.
13:48 of 3rd period - Icing by Ryan Callahan.
13:49 of 3rd period - Mike Ribeiro wins face-off versus Scott Nichol in Jets zone.
13:49 of 3rd period - Mike Ribeiro is hit by Radek Dvorak.
14:30 of 3rd period - Shot by Stephen Weiss.
14:30 of 3rd period - Shot Misses the Net.
14:32 of 3rd period - Shot by Adrian Aucoin.
14:32 of 3rd period - Shot Misses the Net.
14:34 of 3rd period - Shot by Jochen Hecht.
14:34 of 3rd period - Stopped by Ilya Bryzgalov without a rebound.
14:35 of 3rd period - Frans Nielsen wins face-off versus Michal Handzus in Jets zone.
15:52 of 3rd period - Shot by Christian Ehrhoff.
15:52 of 3rd period - Shot Misses the Net.
15:55 of 3rd period - Minor Penalty to Brenden Morrow for Interference.
15:56 of 3rd period - Michal Handzus wins face-off versus Mike Ribeiro in Jets zone.
16:12 of 3rd period - Shot by Adrian Aucoin.
16:12 of 3rd period - Shot Misses the Net.
17:07 of 3rd period - Icing by Roman Hamrlik.
17:08 of 3rd period - Mike Ribeiro wins face-off versus Stephen Weiss in Oilers zone.
17:14 of 3rd period - Icing by Karlis Skrastins.
17:15 of 3rd period - Ryan Callahan wins face-off versus Stephen Weiss in Oilers zone.
17:15 of 3rd period - Ryan Callahan is hit by Roman Hamrlik.
17:26 of 3rd period - Icing by Stephen Weiss.
17:27 of 3rd period - Ryan Callahan wins face-off versus Stephen Weiss in Oilers zone.
17:28 of 3rd period - Shot by Clarke MacArthur.
17:28 of 3rd period - Stopped by Kari Lehtonen without a rebound.
17:29 of 3rd period - Mike Ribeiro wins face-off versus Radek Dvorak in Oilers zone.
17:58 of 3rd period - Shot by Michal Handzus.
17:58 of 3rd period - Stopped by Ilya Bryzgalov without a rebound.
17:59 of 3rd period - Scott Nichol wins face-off versus Frans Nielsen in Jets zone.
17:59 of 3rd period - Scott Nichol is hit by Mark Giordano.
18:05 of 3rd period - Shot by Dany Heatley.
18:05 of 3rd period - Shot Blocked by Mark Giordano.
18:16 of 3rd period - Minor Penalty to Ryan Malone for Roughing.
18:17 of 3rd period - Mike Ribeiro wins face-off versus Radek Dvorak in Jets zone.
18:53 of 3rd period - Adrian Aucoin is hit by Ryan Suter and loses puck.
19:08 of 3rd period - Mark Giordano is hit by Adam Burish and loses puck.


Output by the SimonT Hockey Simulator (STHS) for Stephane Roy -- Original Page W3C XHTML 1.0 Valid